 Dungeon Crawl Stone Soup version 0.24.0-37-gcf1ca852f1 (webtiles) character file.

Game seed: 1697297335270700648, levelgen mode: deterministic

136 FishyPogo the Charmwright (level 5, -1/43 HPs)
             Began as a Gnoll Skald on Dec 8, 2019.
             Slain by an adder (4 damage)
             ... on level 4 of the Dungeon.
             The game lasted 00:03:39 (494 turns).

FishyPogo the Charmwright (Gnoll Skald)              Turns: 494, Time: 00:03:40

Health: -1/43      AC:  3    Str: 13    XL:     5   Next: 19%
Magic:  1/12       EV: 14    Int: 15    God:
Gold:   40         SH:  0    Dex: 16    Spells: 3/14 levels left

rFire    . . .     SeeInvis .   a - +0 falchion
rCold    . . .     Gourm    .   (no shield)
rNeg     . . .     Faith    .   b - +0 leather armour
rPois    .         Spirit   .   (no helmet)
rElec    .         Reflect  .   (no cloak)
rCorr    .         Harm     .   (no gloves)
MR       .....                  (no boots)
Stlth    ++........             (no amulet)
HPRegen  1.14/turn              (no ring)
MPRegen  0.13/turn              (no ring)

@: lethally poisoned (-1 -> -1), very slightly contaminated, regenerating,
invisible
A: distributed training, fangs 1, strong nose
a: no special abilities


You were on level 4 of the Dungeon.
You were not hungry.

You visited 1 branch of the dungeon, and saw 4 of its levels.

You collected 40 gold pieces.

Inventory:

Hand Weapons
 a - a +0 falchion (weapon)
Missiles
 f - 29 stones (quivered)
Armour
 b - a +0 leather armour (worn)
Scrolls
 e - a scroll of enchant armour {unknown}
 h - a scroll of noise {unknown}
Comestibles
 c - 3 chunks of flesh
 d - a ration


   Skills:
 + Level 4.7 Fighting
 + Level 1.3 Short Blades
 + Level 4.7 Long Blades
 + Level 1.3 Axes
 + Level 1.3 Maces & Flails
 + Level 1.3 Polearms
 + Level 1.3 Staves
 + Level 1.3 Slings
 + Level 1.3 Bows
 + Level 1.3 Crossbows
 + Level 1.3 Throwing
 + Level 2.9 Armour
 + Level 4.7 Dodging
 + Level 1.3 Stealth
 + Level 1.3 Shields
 + Level 1.3 Unarmed Combat
 + Level 5.1 Spellcasting
 + Level 1.1 Conjurations
 + Level 1.1 Hexes
 + Level 5.5 Charms
 + Level 1.1 Summonings
 + Level 1.1 Necromancy
 + Level 1.1 Translocations
 + Level 1.1 Transmutations
 + Level 1.1 Fire Magic
 + Level 1.1 Ice Magic
 + Level 1.1 Air Magic
 + Level 1.1 Earth Magic
 + Level 1.1 Poison Magic
 + Level 1.5 Invocations
 + Level 1.3 Evocations


You had 3 spell levels left.
You knew the following spells:

 Your Spells              Type           Power        Failure   Level  Hunger
h - Regeneration          Chrm/Necr      ##........   16%         3    ###....
n - Spectral Weapon       Hex/Chrm       ##......     16%         3    ###....
p - Shroud of Golubria    Chrm/Tloc      ##....       8%          2    ##.....
u - Song of Slaying       Chrm           ###.....     3%          2    ##.....
y - Infusion              Chrm           ###.         2%          1    None

Your spell library contained the following spells:

 Spells                   Type           Power        Failure   Level  Hunger


Dungeon Overview and Level Annotations

Branches:
Dungeon (4/15)
 Temple: D:4-7

Altars:
Ashenzari

Annotations:
D:2 Robin


Innate Abilities, Weirdness & Mutations

Your experience applies equally to all skills.
You have very sharp teeth.
Your uncanny sense of smell can sniff out nearby items.


Message History

The bat hits you but does no damage. The bat barely misses you.
You riposte.
You closely miss the bat.
The bat is heavily wounded.
The adder bites you.
* * * LOW HITPOINT WARNING * * *
You are lethally poisoned!
The adder poisons you! The adder closely misses you.
You riposte.
You hit the adder. Your bite misses the adder.
The adder is moderately wounded.
You climb downwards.
* * * LOW HITPOINT WARNING * * *
You feel sick.
There is a stone staircase leading up here.
Unknown command.
You aren't carrying any potions.
Okay, then.
Casting: Spectral Weapon (safe; 16% risk of failure)
Confirm with . or Enter, or press ? or * to list all spells.
Your skin crawls.
You feel sick. The adder bites you.
You die...

#......# ..
#......### #.# #$.
#...<..+.# #.# .#..
#......#.# #.# ...
#......#.# #.#..#
#......#.###.#..#.#
#......#...........
#....S.......#
####'#@#####.#
#.#######.#
#.....รท.W.#
#.#######.# ### #.#
#W. .... #.#.#
#.#.#


You could see an adder.

Vanquished Creatures
  A phantom (D:4)
  Natasha (D:3)
  A howler monkey skeleton (D:4)
  An adder (D:4)
  A leopard gecko (D:2)
  A giant cockroach (D:1)
  2 goblins
  5 hobgoblins
  2 bats
  A frilled lizard (D:1)
  A kobold (D:1)
  2 rats
19 creatures vanquished.

Notes
Turn   | Place    | Note
-------+----------+-------------------------------------------
     0 | D:1      | FishyPogo the Gnoll Skald began the quest for the Orb.
     0 | D:1      | Reached XP level 1. HP: 20/20 MP: 6/6
   133 | D:2      | Noticed Robin
   149 | D:1      | Reached XP level 2. HP: 5/26 MP: 5/7
   154 | D:1      | Learned a level 2 spell: Song of Slaying
   400 | D:3      | Noticed Natasha
   424 | D:4      | Reached skill level 5 in Spellcasting
   424 | D:4      | Reached XP level 3. HP: 24/31 MP: 4/9
   428 | D:4      | Learned a level 2 spell: Shroud of Golubria
   432 | D:4      | Learned a level 3 spell: Regeneration
   436 | D:4      | Learned a level 3 spell: Spectral Weapon
   439 | D:4      | Noticed a phantom
   471 | D:4      | Killed a phantom
   471 | D:4      | Reached skill level 1 in Short Blades
   471 | D:4      | Reached skill level 1 in Axes
   471 | D:4      | Reached skill level 1 in Maces & Flails
   471 | D:4      | Reached skill level 1 in Polearms
   471 | D:4      | Reached skill level 1 in Staves
   471 | D:4      | Reached skill level 1 in Slings
   471 | D:4      | Reached skill level 1 in Bows
   471 | D:4      | Reached skill level 1 in Crossbows
   471 | D:4      | Reached skill level 1 in Throwing
   471 | D:4      | Reached skill level 1 in Stealth
   471 | D:4      | Reached skill level 1 in Shields
   471 | D:4      | Reached skill level 1 in Unarmed Combat
   471 | D:4      | Reached skill level 1 in Conjurations
   471 | D:4      | Reached skill level 1 in Hexes
   471 | D:4      | Reached skill level 1 in Summonings
   471 | D:4      | Reached skill level 1 in Necromancy
   471 | D:4      | Reached skill level 1 in Translocations
   471 | D:4      | Reached skill level 1 in Transmutations
   471 | D:4      | Reached skill level 1 in Fire Magic
   471 | D:4      | Reached skill level 1 in Ice Magic
   471 | D:4      | Reached skill level 1 in Air Magic
   471 | D:4      | Reached skill level 1 in Earth Magic
   471 | D:4      | Reached skill level 1 in Poison Magic
   471 | D:4      | Reached skill level 1 in Invocations
   471 | D:4      | Reached skill level 1 in Evocations
   471 | D:4      | Reached XP level 4. HP: 6/38 MP: 1/11
   471 | D:4      | Reached XP level 5. HP: 7/43 MP: 1/12
   482 | D:3      | Found a shattered altar of Ashenzari.
   491 | D:3      | Killed Natasha
   494 | D:4      | Slain by an adder

Levels and vault maps discovered:
D:1:      eino_arrival_water_star, layout_basic
D:2:      layout_basic, elyvilon_altar_1, uniq_robin, uniq_crazy_yiuf_cottage
D:3:      layout_basic, overflow_temple_1_default, wad_orctagon, uniq_terence,
          uniq_natasha, uniq_sigmund, uniq_ijyb
D:4:      layout_basic, minmay_temple_entry_nine_rooms, serial_shops,
          kennysheep_mini, minmay_misc_feat_rows, uniq_duvessa

Skill      XL: |  1  2  3 |
---------------+----------+-----
Spellcasting   | 5 |  5.1
Short Blades   | 1 |  1.3
Axes           | 1 |  1.3
Maces & Flails | 1 |  1.3
Polearms       | 1 |  1.3
Staves         | 1 |  1.3
Slings         | 1 |  1.3
Bows           | 1 |  1.3
Crossbows      | 1 |  1.3
Throwing       | 1 |  1.3
Stealth        | 1 |  1.3
Shields        | 1 |  1.3
Unarmed Combat | 1 |  1.3
Conjurations   | 1 |  1.1
Hexes          | 1 |  1.1
Summonings     | 1 |  1.1
Necromancy     | 1 |  1.1
Translocations | 1 |  1.1
Transmutations | 1 |  1.1
Fire Magic     | 1 |  1.1
Ice Magic      | 1 |  1.1
Air Magic      | 1 |  1.1
Earth Magic    | 1 |  1.1
Poison Magic   | 1 |  1.1
Invocations    | 1 |  1.5
Evocations     | 1 |  1.3
Fighting       | |  4.7
Long Blades    | |  4.7
Armour         | |  2.9
Dodging        | |  4.7
Charms         | |  5.5

Action                   |  1- 3 |  4- 6 || total
-------------------------+-------+-------++-------
Melee: Falchion          |    58 |     2 ||    60
       Bite              |     5 |     2 ||     7
 Cast: Infusion          |     3 |       ||     3
       Spectral Weapon   |     2 |       ||     2
       Regeneration      |     1 |     1 ||     2
  Use: Potion            |       |     1 ||     1
Armor: Leather armour    |     8 |     2 ||    10
Dodge: Dodged            |    48 |    18 ||    66
       Rpst.: Falchion   |    14 |     8 ||    22
